 Dungeon Crawl Stone Soup version 0.31-a0-277-g31ea1f65cc (webtiles) character file.

Game seed: 70990015661282617

112 Zonian the Ducker (level 4, -3/21 HPs)
             Began as a Felid Shapeshifter on July 15, 2023.
             Was a Believer of Cheibriados.
             Killed from afar by Sigmund (12 damage)
             ... with a puff of flame
             ... on level 3 of the Dungeon.
             The game lasted 00:04:13 (2700 turns).

Zonian the Ducker (Felid Shapeshifter)              Turns: 2700, Time: 00:04:13

Health: -3/21      AC:  1    Str: 19    XL:     4   Next: 64%
Magic:  5/5        EV: 20    Int: 15    God:    Cheibriados [**....]
Gold:   116        SH:  0    Dex: 22    Spells: 3/3 levels left
                                        Lives:  0   Deaths: 1

rFire   . .          .
                       - Unarmed
rCold   . . .        (shield unavailable)
rNeg    . . .        (body armour unavailable)
rPois   .            (helmet unavailable)
rElec   .            (cloak unavailable)
rCorr   .            (gloves unavailable)
SInv    +            (boots unavailable)
Will    .....        (no amulet)
Stlth   ++           (no ring)
HPRegen 0.23/turn    (no ring)
MPRegen 0.09/turn

%: no passive effects
@: beast-form, on berserk cooldown, slowed, very slow
A: beast (slay +2), very small, claws 1, fangs 3, see invisible, speed 1, shaggy
fur 1, stealthy paws, no weapons or thrown items, no armour, multi-lived
a: Begin Untransformation, Renounce Religion, Bend Time


You were on level 3 of the Dungeon.
You worshipped Cheibriados.
Cheibriados was pleased with you.
You were a hulking beast.
You visited 1 branch of the dungeon, and saw 3 of its levels.

You collected 116 gold pieces.

Inventory:

Talismans
 b - a beast talisman
Scrolls
 c - a scroll of fear {unknown}
 g - a scroll of immolation {unknown}
 h - a scroll of revelation {unknown}
Potions
 a - a potion of lignification
 d - 2 potions of berserk rage
 e - 2 potions of degeneration {unknown}
 f - a potion of enlightenment {unknown}


   Skills:
 + Level 3.2 Fighting
 + Level 4.3 Dodging
 + Level 3.2 Unarmed Combat
 + Level 4.1 Shapeshifting


You had 3 spell levels left.
You didn't know any spells.
Your spell library was empty.

Dungeon Overview and Level Annotations

Branches:
Dungeon (3/15)

Altars:
Cheibriados

Annotations:
D:3 Sigmund


Innate Abilities, Weirdness & Mutations

You are a hulking beast.
Your limbs bulge with bestial killing power. (Slay +2)
You have sharp claws.
You have razor-sharp teeth.
You have supernaturally acute eyesight. (SInv)
You cover ground quickly. (Speed+)
You are covered in fur. (AC +1)
Your paws help you pounce on unaware monsters.
You are incapable of wielding weapons or throwing items.
You cannot wear armour.
You gain extra lives every three experience levels.


Message History

* * * LOW HITPOINT WARNING * * *
You scratch the gnoll. You bite the gnoll!
You kill the gnoll!
Cheibriados appreciates the change of pace.
The worm bites you.
* * * LOW HITPOINT WARNING * * *
Unknown command.
It was a potion of berserk rage.
A red film seems to cover your vision as you go berserk!
Cheibriados protects you from inadvertent hurry.
You feel mighty! The gnoll closely misses you.
Unknown command.
You claw the gnoll!
You kill the gnoll!
Cheibriados appreciates the change of pace.
The worm misses you.
Unknown command.
You claw the worm!
The worm is severely wounded.
You mangle the worm!!
You kill the worm!
You see here a worm corpse.
You feel a strong urge to attack something.
You see here a hobgoblin corpse.
You start resting.
You feel your anger nearly subside.
You are no longer berserk.
You are exhausted.
You feel yourself slow down.
You start resting.
Magic restored.
You start resting.
Sigmund the Dreaded comes into view.
He is wielding a +3 heavy scythe.
Sigmund is nearby!
Sigmund is nearby!
Unknown command.
You see here a worm corpse.
Sigmund gestures at you while chanting. The puff of flame hits you!
Ouch! That really hurt!
You die...

>##.............. ....
##...###.###....####..#
#...###...............#
....##..#.#####..###÷.## .
....#..##.#####.....#g.#
g.. #####.#
#...........#..##.... # #.#
########........$....
####..# #)##..........
.....# #h###:....##.. )..##
#†# #......... #.##
#†###.....#### #.###
#####..#......# ....#
#........#....#
....########...@...##......
..........................#
....########............
....# ###...###....


You could see Sigmund.

Vanquished Creatures
  6 adders
  4 gnolls (D:3)
  3 worms
  3 dart slugs (D:2)
  3 orcs (D:3)
  4 endoplasms
  A giant cockroach (D:2)
  2 goblins
  9 hobgoblins
  3 kobolds (D:2)
  4 quokkas
  8 ball pythons
  9 bats
  4 frilled lizards
  9 rats
72 creatures vanquished.

Notes
Turn   | Place    | Note
-------+----------+-------------------------------------------
     0 | D:1      | Zonian the Felid Shapeshifter began the quest for the Orb.
     0 | D:1      | Reached XP level 1. HP: 9/9 MP: 2/2
   347 | D:1      | Reached XP level 2. HP: 13/13 MP: 3/3
   446 | D:1      | Found a faded altar of an unknown god.
   480 | D:1      | Prayed at the altar of an unknown god.
   480 | D:1      | Became a worshipper of Cheibriados the Contemplative
   480 | D:1      | Reached * piety under Cheibriados
  1066 | D:2      | Reached XP level 3. HP: 16/16 MP: 4/4
  1312 | D:2      | Reached ** piety under Cheibriados
  1501 | D:2      | Reached XP level 4. HP: 12/20 MP: 5/5
  2331 | D:3      | Slain by a gnoll
  2332 | D:3      | Reached XP level 3. HP: -1/17 MP: 4/4
  2355 | D:3      | Reached XP level 4. HP: 4/21 MP: 5/5
  2698 | D:3      | Noticed Sigmund
  2700 | D:3      | Killed from afar by Sigmund

Illustrated notes

Levels and vault maps discovered:
D:1:      scummos_arrival_checkerplants, layout_basic,
          shapermc_ecumenical_altar_flowoftime
D:2:      layout_basic, minivault_27
D:3:      layout_rooms, uniq_sigmund

Skill      XL: |  1  2  3  4 |
---------------+-------------+-----
Dodging        | 3 4 |  4.3
Unarmed Combat | 3 |  3.2
Fighting       | 3 |  3.2
Shapeshifting  | 4 |  4.1

Action                     |  1- 3 |  4- 6 || total
---------------------------+-------+-------++-------
  Melee: Unarmed           |   109 |    67 ||   176
         Bite              |    15 |     5 ||    20
         Punch             |     4 |     2 ||     6
 Invoke: Bend Time         |       |     1 ||     1
    Use: Potion            |       |     1 ||     1
   Stab: Sleeping          |     4 |     2 ||     6
         Distracted        |     1 |     1 ||     2
 Armour: Skin              |     5 |     6 ||    11
  Dodge: Dodged            |    75 |    66 ||   141

Table legend: (Time is in decaauts)
 A = Elapsed time spent in this place.
 B = Non-inter-level travel time spent in this place.
 C = Inter-level travel time spent in this place.
 D = Time resting spent in this place.
 E = Time spent auto-exploring this place.
 F = Levels seen in this place.
 G = Mean time per level.
                   A        B        C        D        E       F      G
               +--------+--------+--------+--------+--------+-----+--------+
         Total |   2968 |   2905 |     63 |    879 |   1516 |   3 |  989.3 |
       Dungeon |   2968 |   2905 |     63 |    879 |   1516 |   3 |  989.3 |
               +--------+--------+--------+--------+--------+-----+--------+

Top non-repeatable levels by time:
     D:2: 1194 daAuts
     D:1: 1131 daAuts
     D:3: 641 daAuts
